 Dungeon Crawl Stone Soup version 0.31.0-12-g77e489cdc1 (webtiles) character file.

Game seed: 16088321628287837447

16181 lonewolfV2 the Cleaver (level 12, 0/95 HPs)
             Began as a Formicid Fighter on Feb 15, 2024.
             Was an Elder of Qazlal.
             Slain by an enormous slime creature (39 damage)
             ... on level 12 of the Dungeon.
             The game lasted 00:22:26 (14453 turns).

lonewolfV2 the Cleaver (Formicid Fighter)          Turns: 14453, Time: 00:22:27

Health: 0/95       AC: 25    Str: 25    XL:     12   Next: 66%
Magic:  0/18       EV:  3    Int:  7    God:    Qazlal [****..]
Gold:   1152       SH: 20    Dex: 15    Spells: 11/11 levels left

rFire   . . .        u - +6 battleaxe
rCold   . . .        q - +0 tower shield
rNeg    . . .        s - +0 crystal plate armour
rPois   .            (helmet unavailable)
rElec   .            c - +0 cloak
rCorr   .            b - +1 pair of gloves {infuse}
SInv    +            D - +0 pair of boots
Will    ++...        h - amulet of guardian spirit Stlth
                     i - ring of willpower
HPRegen 0.35/turn    (no ring)
MPRegen 0.16/turn

%: repel missiles, guardian spirit
@: no status effects
A: permanent stasis, dig shafts and tunnels, antennae 3, four strong arms
a: Dig, Shaft Self, Renounce Religion, Upheaval, Elemental Force


You were on level 12 of the Dungeon.
You worshipped Qazlal.
Qazlal was greatly pleased with you.
You visited 2 branches of the dungeon, and saw 13 of its levels.

You collected 1275 gold pieces.
You spent 123 gold pieces at shops.

Inventory:

Hand Weapons
 a - a +1 war axe of flaming
 u - a +6 battleaxe (weapon)
Armour
 b - a +1 pair of gloves of infusion (worn)
 c - a +0 cloak (worn)
 e - a +0 pair of gloves
 q - a +0 tower shield (worn)
 s - a +0 crystal plate armour (worn)
 D - a +0 pair of boots (worn)
Jewellery
 h - an amulet of guardian spirit (around neck)
 i - a ring of willpower (left hand)
 z - a ring of protection from fire
 A - an amulet of magic regeneration
Wands
 p - a wand of roots (4)
Scrolls
 j - a scroll of fear
 k - a scroll of torment
 o - 4 scrolls of identify
 v - a scroll of vulnerability
 w - a scroll of revelation
 y - a scroll of poison
 B - a scroll of fog
Potions
 d - a potion of might
 f - a potion of ambrosia
 g - a potion of berserk rage
 l - a potion of degeneration
 m - a potion of mutation
 n - a potion of haste
 r - 2 potions of curing
 t - a potion of heal wounds
 x - 2 potions of enlightenment
 C - a potion of invisibility


   Skills:
 + Level 9.3 Fighting
 - Level 14.1 Axes
 + Level 9.3 Armour
 - Level 7.3 Shields
 - Level 8.4 Invocations


You had 11 spell levels left.
You didn't know any spells.
Your spell library contained the following spells:

 Spells                   Type           Power      Damage    Failure   Level
 Freeze                   Ice            0%         1d3       100%        1
 Magic Dart               Conj           0%         1d3       100%        1
 Necrotise                Necr           0%         1d4       100%        1
 Ensorcelled Hibernation  Hex/Ice        0%         N/A       100%        2
 Lesser Beckoning         Tloc           0%         N/A       100%        2
 Searing Ray              Conj           0%         2d4       100%        2
 Call Canine Familiar     Summ           0%         N/A       100%        3
 Frozen Ramparts          Ice            0%         1d1       100%        3
 Gell's Gravitas          Tloc           0%         N/A       100%        3
 Hailstorm                Conj/Ice       0%         3d5       100%        3
 Passwall                 Erth           0%         N/A       100%        3
 Sigil of Binding         Hex            0%         N/A       100%        3
 Summon Ice Beast         Ice/Summ       0%         N/A       100%        3
 Teleport Other           Tloc           0%         N/A       100%        3
 Vampiric Draining        Necr           0%         2d6       100%        3
 Dimensional Bullseye     Hex/Tloc       0%         N/A       100%        4
 Fulminant Prism          Conj/Alch      0%         3d5       100%        4
 Martyr's Knell           Necr/Summ      0%         N/A       100%        4
 Curse of Agony           Necr           0%         N/A       100%        5
 Summon Mana Viper        Hex/Summ       0%         N/A       100%        5
 Monstrous Menagerie      Summ           0%         N/A       100%        7
 Swiftness                Air            Unusable   N/A       N/A         3

Dungeon Overview and Level Annotations

Branches:
Dungeon (12/15)            Temple (1/1) D:4            Lair (0/5) D:11
    Orc (0/2) D:10

Altars:
Ashenzari
Cheibriados
Dithmenos
Elyvilon
Fedhas
Gozag
Hepliaklqana
Kikubaaqudgha
Makhleb
Nemelex Xobeh
Okawaru
Qazlal
Ru
Sif Muna
Trog
Uskayaw
Vehumet
Wu Jian
Xom
Yredelemnul
Zin
The Shining One

Shops:
D:5 **?(:   D:8 *

Annotations:
D:8 2 transporters


Innate Abilities, Weirdness & Mutations

You cannot be hasted, slowed, berserked, paralysed or teleported.
You can dig through walls and to a lower floor.
You have a pair of large antennae on your head. (SInv)
Your four strong arms can wield two-handed weapons with a shield.


Message History

You hit the slime creature.
The boulder beetle leaps!
The slime creature hits you!
Two slime creatures merge to form a large slime creature.
The boulder beetle curls into a ball and begins rolling!
Unknown command.
You closely miss the basilisk. You hit the large slime creature.
A slime creature comes into view.
You block the basilisk's attack.
Unknown command.
You slash the large slime creature!
The large slime creature is heavily wounded.
You completely miss the basilisk.
Two slime creatures merge to form a very large slime creature.
You block the basilisk's attack. x2
A slime creature comes into view.
The slime creature quivers.
You slash the very large slime creature!
The very large slime creature is heavily wounded.
You slash the basilisk!
The basilisk bites you but does no damage.
Two slime creatures merge to form an enormous slime creature.
The boulder beetle stops rolling and uncurls.
You open the enormous slime creature like a pillowcase!!!
The enormous slime creature is heavily wounded.
You slash the basilisk!
The enormous slime creature hits you but does no damage.
You block the basilisk's attack.
Unknown command.
You slash the enormous slime creature!
The enormous slime creature is heavily wounded.
You slice the basilisk!!
You kill the basilisk!
Qazlal accepts your kill.
You block the enormous slime creature's attack.
The boulder beetle leaps!
You slice the enormous slime creature!!
The enormous slime creature is severely wounded.
A slime creature comes into view.
The enormous slime creature hits you!!! x2
You die...

......#
.....# ....#
...# ..# #.#
#x########.##
#lJ@.°.......
#J########...
#.# #.# #.#
#.# #.# #.#
?..


You could see an enormous slime creature, a slime creature, a komodo dragon and
an unseen horror (invisible).

Vanquished Creatures
  A boulder beetle (D:11)
  7 death yaks (D:11)
  A deep elf pyromancer (D:9)
  An ugly thing (D:11)
  A manticore (D:11)
  A gargoyle (D:10)
  2 unseen horrors (D:10)
  A freezing wraith (D:9)
  A komodo dragon (D:11)
  2 trolls
  A hornet (D:9)
  A wyvern (D:8)
  5 wraiths
  A basilisk (D:12)
  12 yaks
  A steam dragon (D:10)
  Duvessa (D:7)
  An acid dragon (D:9)
  A water moccasin (D:5)
  7 orc warriors
  An ice beast (D:6)
  A black bear (D:5)
  A sky beast (D:7)
  4 ogres
  3 centaurs
  3 gnoll sergeants
  5 kobold brigands
  3 bullfrogs
  5 scorpions
  12 wights
  Dowan (D:7)
  13 killer bees
  3 electric eels (D:9)
  6 bombardier beetles
  7 hounds
  A jelly (D:6)
  A gnoll bouda (D:7)
  7 orc priests
  5 iguanas
  7 orc wizards
  20 gnolls
  A river rat (D:4)
  15 adders
  A shadow imp (D:6)
  2 white imps (D:5)
  4 ufetubi
  4 dart slugs
  3 ribbon worms
  27 orcs
  5 endoplasms
  3 giant cockroaches
  30 goblins
  28 hobgoblins
  7 jackals
  37 kobolds
  5 quokkas
  6 ball pythons
  5 bats
  2 frilled lizards
  3 rats
346 creatures vanquished.

Vanquished Creatures (others)
  A gnoll (D:7)
1 creature vanquished.

Grand Total: 347 creatures vanquished

Notes
Turn   | Place    | Note
-------+----------+-------------------------------------------
     0 | D:1      | lonewolfV2 the Formicid Fighter began the quest for the
                  | Orb.
     0 | D:1      | Reached XP level 1. HP: 18/18 MP: 1/1
   165 | D:1      | Reached XP level 2. HP: 24/24 MP: 2/2
   360 | D:1      | Reached XP level 3. HP: 30/30 MP: 3/3
   492 | D:1      | Reached skill level 3 in Axes
   946 | D:2      | Reached XP level 4. HP: 37/37 MP: 4/4
  1100 | D:2      | Reached skill level 4 in Axes
  1127 | D:2      | Reached XP level 5. HP: 40/42 MP: 5/5
  1799 | D:3      | Found a faded altar of an unknown god.
  1814 | D:3      | Found a white marble altar of Elyvilon.
  2328 | D:4      | Reached XP level 6. HP: 28/49 MP: 1/6
  2435 | D:4      | Found a staircase to the Ecumenical Temple.
  2464 | D:4      | Reached skill level 5 in Fighting
  2464 | D:4      | Reached skill level 5 in Axes
  2468 | D:4      | HP: 2/51 [burnt (4)]
  2786 | D:4      | Found a shimmering blue altar of Sif Muna.
  3360 | D:4      | Reached XP level 7. HP: 52/56 MP: 7/7
  3904 | Temple   | Entered the Ecumenical Temple
  3923 | Temple   | Became a worshipper of Qazlal Stormbringer
  3951 | D:5      | Entered Level 5 of the Dungeon
  3951 | D:5      | Found Xisiarag's General Store.
  3954 | D:5      | Bought a scroll of brand weapon for 123 gold pieces
  3968 | D:5      | Reached skill level 6 in Axes
  4039 | D:5      | Reached XP level 8. HP: 59/65 MP: 8/8
  4083 | D:5      | Found Qifet's Assorted Antiques.
  4210 | D:5      | Found Milluz's Magic Scroll Boutique.
  4232 | D:5      | Found Eprirgh's Book Emporium.
  4275 | D:5      | Found Wuesm's Weapon Boutique.
  4363 | D:5      | Reached skill level 7 in Axes
  4367 | D:5      | Reached skill level 5 in Shields
  4686 | D:5      | Reached * piety under Qazlal
  4866 | D:5      | Reached XP level 9. HP: 48/72 MP: 6/9
  5086 | D:6      | Reached skill level 5 in Armour
  5546 | D:6      | Reached skill level 1 in Invocations
  5816 | D:6      | Found a blossoming altar of Fedhas.
  6874 | D:7      | Reached skill level 5 in Invocations
  6874 | D:7      | Noticed Dowan
  6876 | D:7      | Noticed Duvessa
  6880 | D:7      | Killed Dowan
  6888 | D:7      | Killed Duvessa
  7361 | D:7      | Reached ** piety under Qazlal
  7767 | D:8      | Reached XP level 10. HP: 61/79 MP: 8/14
  7911 | D:8      | Found an opulent altar of Gozag.
  7936 | D:8      | Found a glowing golden altar of the Shining One.
  8230 | D:8      | Found a transporter.
  8234 | D:8      | Found a basalt altar of Yredelemnul.
  8235 | D:8      | Found a radiant altar of Vehumet.
  8241 | D:8      | Found an ancient bone altar of Kikubaaqudgha.
  8279 | D:8      | Noticed a death knight
  8304 | D:8      | Found a transporter.
  8358 | D:8      | Reached skill level 8 in Axes
  8711 | D:8      | Found Zushywaf's Wicked Wares.
  9050 | D:8      | Reached *** piety under Qazlal
  9559 | D:8      | Found a burning altar of Makhleb.
 10119 | D:9      | Reached skill level 9 in Axes
 10461 | D:9      | Reached skill level 10 in Axes
 10469 | D:9      | Noticed an unseen horror
 11028 | D:9      | Reached XP level 11. HP: 70/84 MP: 8/17
 11314 | D:9      | Reached skill level 11 in Axes
 11547 | D:9      | Noticed a boulder beetle
 11547 | D:9      | Noticed a five-headed hydra
 11547 | D:9      | Noticed a red ugly thing
 11548 | D:9      | Noticed a deep elf pyromancer
 11550 | D:9      | You fall into a shaft and drop 1 floor!
 11550 | D:10     | Entered Level 10 of the Dungeon
 11840 | D:9      | Killed a deep elf pyromancer
 11841 | D:9      | Reached skill level 12 in Axes
 11843 | D:9      | You fall into a shaft and drop 2 floors!
 11847 | D:11     | Noticed a brown ugly thing
 11858 | D:11     | Killed a brown ugly thing
 12035 | D:11     | Noticed a boulder beetle
 12042 | D:11     | Noticed a death yak
 12046 | D:11     | Killed a death yak
 12048 | D:11     | Noticed a death yak
 12048 | D:11     | Noticed a death yak
 12048 | D:11     | Noticed a death yak
 12049 | D:11     | Noticed a death yak
 12051 | D:11     | Noticed a death yak
 12053 | D:11     | Noticed a death yak
 12056 | D:11     | Killed a death yak
 12056 | D:11     | Killed a death yak
 12057 | D:11     | Reached skill level 13 in Axes
 12062 | D:11     | Killed a death yak
 12068 | D:11     | Killed a death yak
 12074 | D:11     | Killed a death yak
 12075 | D:11     | Reached skill level 14 in Axes
 12075 | D:11     | Reached XP level 12. HP: 34/91 MP: 0/18
 12078 | D:11     | Killed a death yak
 12089 | D:11     | Reached **** piety under Qazlal
 12095 | D:11     | Killed a boulder beetle
 12585 | D:10     | Found a staircase to the Orcish Mines.
 14052 | D:11     | Found a staircase to the Lair.
 14434 | D:12     | Noticed a boulder beetle
 14453 | D:12     | Slain by an enormous slime creature

Illustrated notes

Levels and vault maps discovered:
D:1:      minmay_arrival_checkered_box, layout_basic
D:2:      layout_basic
D:3:      layout_rooms, nicolae_overflow_ecumenical_swirl,
          serial_co_window_serial, co_window_of_opportunity_a,
          co_window_paths_a, co_window_paths_a, co_window_paths_a,
          co_window_corner_a, co_window_paths_a, co_window_cross_1,
          co_window_corner_b, co_window_of_opportunity_b, co_window_broadway_b,
          co_window_paths_e, dreamdust_princess_corridor
D:4:      minmay_goblin_kobold_castle, layout_cave_pools,
          nicolae_sif_muna_little_library, minmay_temple_entry_hall,
          gup_sewer_entry_spiral, dreamdust_gnoll_farm
D:5:      minmay_polygon_palace, layout_rooms, serial_shops,
          nicolae_shop_behind_doors, shop, nicolae_stop_n_shop_2,
          nicolae_shop_hallway_plus, shop, hangedman_glass_teeth,
          corexii_leaking_fountain
D:6:      layout_cave_pods, lemuel_round_altar
D:7:      layout_rooms, uniq_duvessa
D:8:      kennysheep_kobold_camp, layout_basic,
          mainiacjoe_overflow_six_doors_small,
          mainiacjoe_overflow_small_starburst, mainiacjoe_overflow_tiny_flanked,
          gammafunk_temple_of_torment,
          nicolae_gozag_cash_rules_everything_around_me, nicolae_evil_shop
D:9:      minmay_the_grid_triangle_9x9_recursive_2
          [minmay_the_grid_triangle_9x9_prize_top_heavy,
          minmay_the_grid_triangle_9x9_corrupted_corridor,
          minmay_the_grid_triangle_9x9_semitri,
          minmay_the_grid_triangle_9x9_thin_v], layout_basic,
          minmay_crystal_water, hangedman_abyss_or_decor_passed, minivault_14,
          unseen_surprise_small
D:10:     layout_gridville, orc_david_3
D:11:     layout_cave_pools, dpeg_lair_monsters, dk_vineyard_3,
          chequers_serial_rivers_micro_c
D:12:     layout_small_grid, serial_shops, shop, nicolae_stop_n_shop_1,
          okawaru_ov_weapons_minmay, uniq_urug, uniq_snorg, uniq_fannar
Temple:   compressed_dpeg_triangle_lava_temple

Skill      XL: |  1  2  3  4  5  6  7  8  9 10 11 12 |
---------------+-------------------------------------+-----
Axes           | 3 4 5 6 7 10 14 | 14.1
Fighting       | 4 5 6 7 9 |  9.3
Shields        | 6 7 |  7.3
Armour         | 4 7 9 |  9.3
Invocations    | 6 8 |  8.4

Action                     |  1- 3 |  4- 6 |  7- 9 | 10-12 || total
---------------------------+-------+-------+-------+-------++-------
  Melee: War axe           |    72 |   178 |   251 |    29 ||   530
         Battleaxe         |       |       |       |   360 ||   360
Ability: Dig               |       |       |       |     1 ||     1
         Shaft Self        |       |       |       |     2 ||     2
    Use: Scroll            |     4 |     4 |     8 |     5 ||    21
         Potion            |       |     3 |     1 |     4 ||     8
 Armour: Scale mail        |    64 |   129 |   103 |       ||   296
         Chain mail        |       |       |    28 |       ||    28
         Crystal plate arm |       |       |    51 |   313 ||   364
  Dodge: Dodged            |    46 |    68 |    54 |    27 ||   195
         Repelled          |       |       |       |     1 ||     1
  Block: Buckler           |    21 |    19 |       |       ||    40
         Tower shield      |       |   172 |   312 |   555 ||  1039
